 Dungeon Crawl Stone Soup version 0.27.1-33-g824d729ab1 (webtiles) character file.

Game seed: 9779931842126695913

2774 zeram the Cleaver (level 9, -1/105 HPs)
             Began as a Hill Orc Fighter on Dec 10, 2021.
             Succumbed to a killer bee's poison
             ... on level 7 of the Dungeon.
             The game lasted 00:12:38 (8170 turns).

zeram the Cleaver (Hill Orc Fighter)                Turns: 8170, Time: 00:12:38

Health: -1/105     AC: 24    Str: 28    XL:     9   Next: 70%
Magic:  9/9        EV:  2    Int:  6    God:
Gold:   270        SH: 13    Dex:  8    Spells: 8/8 levels left

rFire    + . .     SeeInvis .   a - +0 war axe (drain)
rCold    + . .     Faith    .   c - +2 kite shield
rNeg     + + +     Spirit   .   (armour currently unavailable)
rPois    +         Reflect  .   (helmet currently unavailable)
rElec    +         Harm     .   (cloak currently unavailable)
rCorr    +         Rampage  .   (gloves currently unavailable)
Will     .....     NoTele   +   (boots currently unavailable)
Stlth    +.........             (no amulet)
HPRegen  0.27/turn              g - +6 ring of strength
MPRegen  0.11/turn              (no ring)

@: lethally poisoned (-1 -> -3), tree-form, resistant
A: stationary, stasis, torment immunity, boosted hp, clumsy 1, dopey 1
a: no special abilities


You were on level 7 of the Dungeon.
You were a tree.
You visited 1 branch of the dungeon, and saw 7 of its levels.

You collected 333 gold pieces.
You spent 63 gold pieces at shops.

Inventory:

Hand Weapons
 a - a +0 war axe of draining (weapon)
 A - a +4 flail
Armour
 b - a +0 scale mail (melded)
 c - a +2 kite shield (worn)
 j - a scarf of resistance (melded)
 t - a +1 helmet (melded)
Jewellery
 g - a +6 ring of strength (left branch)
 x - an amulet of guardian spirit
Wands
 l - a wand of iceblast (10)
 u - a wand of paralysis (1)
 v - a wand of flame (10)
Scrolls
 m - 2 scrolls of teleportation
 n - 2 scrolls of fog
 r - 3 scrolls of amnesia
Potions
 k - 2 potions of attraction


   Skills:
 - Level 3.6 Fighting
 + Level 11.2 Axes
 + Level 8.5 Armour
 + Level 7.8 Shields
 * Level 1.8 Summonings


You had 8 spell levels left.
You didn't know any spells.
Your spell library contained the following spells:

 Spells                   Type           Power      Damage    Failure   Level
 Ensorcelled Hibernation  Hex/Ice        0%         N/A       88%         2
 Slow                     Hex            0%         N/A       88%         2
 Confusing Touch          Hex            0%         N/A       98%         3
 Gell's Gravitas          Tloc           0%         N/A       98%         3
 Lesser Beckoning         Tloc           0%         N/A       98%         3
 Spider Form              Tmut/Pois      0%         N/A       98%         3
 Stone Arrow              Conj/Erth      0%         3d7       98%         3
 Teleport Other           Tloc           0%         N/A       98%         3
 Vampiric Draining        Necr           0%         2d6       98%         3
 Bolt of Magma            Conj/Fire/Erth 0%         4d4       100%        5
 Freezing Cloud           Conj/Ice/Air   0%         6-21      100%        5
 Shadow Creatures         Summ           N/A        N/A       100%        6
 Simulacrum               Ice/Necr       0%         N/A       100%        6
 Polar Vortex             Ice            0%         N/A       100%        9
 Shatter                  Erth           0%         3d5*      100%        9


Dungeon Overview and Level Annotations

Branches:
Dungeon (7/15)
 Temple: D:4-7

Altars:
Fedhas
Hepliaklqana
Uskayaw

Shops:
D:3 :   D:5 [


Innate Abilities, Weirdness & Mutations

You are a tree.
Your roots penetrate the ground, keeping you stationary.
You cannot be teleported.
You are immune to unholy pain and torment.
Your maximum health is greatly increased.
Your equipment is partially melded.
You are clumsy. (Dex -2)
You are dopey. (Int -2)


Message History

As you read the scroll of teleportation, it crumbles to dust.
You feel strangely unstable.
The killer bee stings you but does no damage.
You block the killer bee's attack. The killer bee stings you.
* * * LOW HITPOINT WARNING * * *
You are lethally poisoned!
The killer bee poisons you!
Your surroundings suddenly seem different.
A white imp and a skeleton come into view.
Found 24 stones and 6 gold pieces.
* * * LOW HITPOINT WARNING * * *
You feel sick.
The white imp shouts!
The white imp is sucked into a shaft!
The shaft crumbles and collapses.
You feel protected.
* * * LOW HITPOINT WARNING * * *
You feel sick.
A killer bee comes into view.
An orc wizard comes into view. It is wielding a +0 dagger.
The orc wizard falls through a shaft!
The shaft crumbles and collapses.
The killer bee moves out of view.
Really quaff the potion of lignification?
You turn into a tree.
Your scarf of resistance melds into your body.
Your +1 helmet melds into your body.
Your +0 scale mail melds into your body.
You feel hot and cold all over.
Your roots penetrate the ground.
* * * LOW HITPOINT WARNING * * *
You feel sick. You block the wyvern skeleton's attack.
Okay, then.
You hit the wyvern skeleton.
The wyvern skeleton is lightly damaged.
You feel sick. The wyvern skeleton bites you.
* * * LOW HITPOINT WARNING * * *
You block the wyvern skeleton's attack.
Unknown command.
You slash the wyvern skeleton!
The wyvern skeleton is heavily damaged.
You die... #..^..^^.....^. #..^.^.^......^ ....$^..^..^.. ### #.....^.^^... ... #..^..^.....^ #oo

#..........# #..
#..Z^...... ##..
#♣....... ...
###.#.....####o###
.. .......... .#
####.##### #


You could see a wyvern skeleton.

Vanquished Creatures
  Grinder (D:5)
  The ghost of jlumianski the Skirmisher, an amateur GrMo (D:3)
  A water moccasin (D:4)
  A sky beast (D:7)
  5 black bears
  An orc warrior (D:7)
  An ice beast (D:7)
  3 ogres
  A phantom (D:5)
  A centaur (D:6)
  A bullfrog (D:7)
  2 scorpions (D:4)
  3 wights (D:6)
  3 killer bees (D:7)
  A howler monkey (D:6)
  2 hounds
  Crazy Yiuf (D:5)
  An orc priest (D:7)
  A bullfrog skeleton (D:6)
  2 centaur skeletons
  A gnoll shaman (D:5)
  Ijyb (D:5)
  2 iguanas (D:5)
  A scorpion zombie (D:5)
  6 orc wizards
  A killer bee zombie (D:7)
  A hound skeleton (D:5)
  3 gnolls (D:5)
  A howler monkey skeleton (D:6)
  6 adders
  A white imp (D:6)
  An adder skeleton (D:5)
  3 worms
  3 dart slugs
  17 orcs
  6 ball pythons
  11 bats
  6 endoplasms
  2 giant cockroaches
  3 goblins
  9 hobgoblins
  9 kobolds
  2 quokkas (D:1)
  2 frilled lizards
  A quokka skeleton (D:4)
  3 rats
135 creatures vanquished.

Vanquished Creatures (others)
  2 demonic plants (D:1)
  A withered plant (D:1)
3 creatures vanquished.

Grand Total: 138 creatures vanquished

Notes
Turn   | Place    | Note
-------+----------+-------------------------------------------
     0 | D:1      | zeram the Hill Orc Fighter began the quest for the Orb.
     0 | D:1      | Reached XP level 1. HP: 19/19 MP: 1/1
    77 | D:1      | Found a faded altar of an unknown god.
   176 | D:1      | Reached XP level 2. HP: 15/26 MP: 2/2
   481 | D:1      | Reached skill level 3 in Axes
   725 | D:1      | Reached XP level 3. HP: 27/31 MP: 3/3
  1647 | D:2      | Reached skill level 4 in Axes
  1647 | D:2      | Reached XP level 4. HP: 21/39 MP: 4/4
  2072 | D:2      | You fall into a shaft and drop 2 floors!
  2171 | D:4      | Noticed a water moccasin
  2185 | D:4      | Killed a water moccasin
  2186 | D:4      | Reached skill level 5 in Axes
  2186 | D:4      | Reached XP level 5. HP: 22/45 MP: 5/5
  2434 | D:4      | Reached XP level 6. HP: 49/51 MP: 6/6
  2445 | D:3      | Found a hide-covered altar of Uskayaw.
  2447 | D:3      | Found a hazy altar of Hepliaklqana.
  3264 | D:3      | Found Esoil's Book Shop.
  3367 | D:3      | Found a runed translucent door.
  4059 | D:3      | Noticed jlumianski's ghost (amateur GrMo)
  4074 | D:3      | Killed jlumianski's ghost
  4075 | D:3      | Reached skill level 6 in Axes
  4075 | D:3      | Reached skill level 5 in Armour
  4473 | D:5      | Entered Level 5 of the Dungeon
  4485 | D:5      | Reached skill level 5 in Shields
  4496 | D:5      | Noticed a black bear
  4500 | D:5      | Noticed a black bear
  4522 | D:4      | Killed a black bear
  4523 | D:4      | Reached XP level 7. HP: 35/57 MP: 7/7
  4647 | D:5      | Reached skill level 7 in Axes
  4834 | D:4      | Reached XP level 8. HP: 23/64 MP: 8/8
  5044 | D:5      | Reached skill level 8 in Axes
  5137 | D:5      | Noticed Ijyb
  5139 | D:5      | Paralysed by Ijyb for 4 turns
  5306 | D:5      | Paralysed by Ijyb for 4 turns
  5313 | D:5      | Killed Ijyb
  5393 | D:5      | Found Usiof's Armour Shoppe.
  5472 | D:5      | Bought a +0 helmet for 63 gold pieces
  5670 | D:5      | Noticed Grinder
  5687 | D:5      | Killed Grinder
  5688 | D:5      | Reached skill level 9 in Axes
  5901 | D:5      | Found a runed translucent door.
  5902 | D:5      | Noticed Crazy Yiuf
  5938 | D:5      | Found a blossoming altar of Fedhas.
  6309 | D:5      | Killed Crazy Yiuf
  6439 | D:6      | Reached XP level 9. HP: 36/70 MP: 9/9
  6763 | D:6      | Reached skill level 10 in Axes
  7039 | D:6      | Identified the +11 hunting sling of Quick Death {freeze,
                  | rPois Will+}
  7673 | D:7      | Gained mutation: You are clumsy. (Dex -2) [potion of
                  | mutation]
  7673 | D:7      | Gained mutation: You are dopey. (Int -2) [potion of
                  | mutation]
  7953 | D:7      | Reached skill level 11 in Axes
  7953 | D:7      | Reached skill level 1 in Summonings
  8167 | D:7      | HP: 3/70 [poisoned by a killer bee]
  8169 | D:7      | HP: 1/105 [wyvern skeleton (3)]
  8170 | D:7      | Succumbed to a killer bee's poison

Illustrated notes

Levels and vault maps discovered:
D:1:      eino_arrival_water_star, layout_loops_corners,
          shapermc_ecumenical_altar_gd, minmay_split_cup_small
D:2:      layout_loops_cross
D:3:      layout_basic, chequers_temple_overflow_statue_of_worship,
          serial_shops, nicolae_shop_crystal, gammafunk_ghost_grave
D:4:      layout_loops_ring
D:5:      layout_cave_pools, mainiacjoe_overflow_tiny_flanked, serial_shops,
          nicolae_inconvenience_store, grunt_ministairs_7,
          uniq_crazy_yiuf_cottage, uniq_ijyb, uniq_grinder
D:6:      layout_loops_ring
D:7:      layout_basic, minmay_temple_entry_proselytizer,
          chequers_serial_rivers_marsh, minmay_holes, uniq_menkaure

Skill      XL: |  1  2  3  4  5  6  7  8  9 |
---------------+----------------------------+-----
Axes           | 3 4 5 6 7 9 11 | 11.2
Armour         | 4 5 6 7 8 |  8.5
Shields        | 4 5 6 7 |  7.8
Summonings     | 1 |  1.8
Fighting       | |  3.6

Action                   |  1- 3 |  4- 6 |  7- 9 || total
-------------------------+-------+-------+-------++-------
Melee: War axe           |   101 |   117 |   291 ||   509
  Use: Scroll            |     2 |     8 |     6 ||    16
       Potion            |       |     2 |    13 ||    15
 Stab: Invisible         |       |       |     1 ||     1
Armor: Scale mail        |    47 |    70 |   100 ||   217
       Skin              |       |       |    33 ||    33
Dodge: Dodged            |    22 |    46 |    76 ||   144
Block: Kite shield       |    62 |   106 |   185 ||   353
